 Dungeon Crawl Stone Soup version 0.21.1-1-g345015f (webtiles) character file.

128 RudyRod the Chiller (level 5, -1/36 HPs)
             Began as a Merfolk Ice Elementalist on May 19, 2018.
             Killed from afar by Sigmund (9 damage)
             ... with a puff of flame
             ... on level 2 of the Dungeon.
             The game lasted 00:09:36 (2629 turns).

RudyRod the Chiller (Merfolk Ice Elementalist)      Turns: 2629, Time: 00:09:36

Health: -1/36      AC:  2    Str: 13    XL:     5   Next: 11%
Magic:  9/9        EV: 13    Int: 15    God:
Gold:   105        SH:  0    Dex: 15    Spells: 9/10 levels left

rFire    . . .     SeeInvis .   (no weapon)
rCold    . . .     Gourm    .   (no shield)
rNeg     . . .     Faith    .   a - +0 robe
rPois    .         Spirit   .   k - +0 hat
rElec    .         Reflect  .   (no cloak)
rCorr    .         Harm     .   (no gloves)
MR       .....                  (no boots)
Stlth    ++........             (no amulet)
HPRegen  0.12/turn              (no ring)
MPRegen  0.11/turn              (no ring)

@: mighty, about to teleport
A: change form in water, swift swim, stealthy swim
a: no special abilities


You were on level 2 of the Dungeon.
You were hungry.

You visited 1 branch of the dungeon, and saw 2 of its levels.

You collected 105 gold pieces.

Inventory:

Armour
 a - a +0 robe (worn)
 k - a +0 hat (worn)
Scrolls
 d - a scroll of fog {unknown}
 g - a scroll of noise {unknown}
 h - 2 scrolls of fear {unknown}
 i - 3 scrolls of identify
 l - 3 scrolls of teleportation
Potions
 f - a potion of might
Books
 b - a book of Frost

   Spells                             Type                      Level
   a - Freeze                         Ice                          1
   b - Throw Frost                    Conjuration/Ice              2
   c - Ozocubu's Armour               Charms/Ice                   3
   d - Throw Icicle                   Conjuration/Ice              4
   e - Summon Ice Beast               Ice/Summoning                4
Comestibles
 c - 3 rations


   Skills:
 + Level 0.4 Fighting
 + Level 3.3 Dodging
 + Level 2.4 Stealth
 + Level 0.1 Unarmed Combat
 + Level 3.2 Spellcasting
   Level 0.7 Conjurations
 + Level 4.8 Ice Magic


You had 9 spell levels left.
You knew the following spells:

 Your Spells              Type           Power        Failure   Level  Hunger
a - Freeze                Ice            ###.         2%          1    #......


Dungeon Overview and Level Annotations

Branches:
Dungeon (2/15)

Altars:

Annotations:
D:2 Sigmund


Message History

Something hits you but does no damage.
Okay, then.
As you read the scroll labeled AROSICUOCI, it crumbles to dust.
It is a scroll of identify.
l - 4 scrolls of teleportation Something hits you but does no damage.
As you read the scroll labeled VOTEGE ROULEJA, it crumbles to dust.
The creatures around you are filled with an inner flame!
It was a scroll of immolation.
You feel less wooden.
Your +0 hat unmelds from your body.
Your +0 robe unmelds from your body.
Sigmund appears from thin air!
Reactivating autopickup.
Sigmund hits you from afar with a scythe.
* * * LOW HITPOINT WARNING * * *
As you read the scroll of teleportation, it crumbles to dust.
You feel strangely unstable.
Sigmund points at you and mumbles some strange words.
The puff of flame hits you!
You die...

### #########.#
#.........#
#############@#######.#
..........@...# #.#
############### #.# ####
#.......# #@# ...#
#.#####.# #.# ...#
#.#..<#.# #.#
...######.# #.###.#.#
#.# ..........#
#.....#.# #.#
...##.#############.#
#.#
...##.[.............####
#.#


You could see Sigmund (inner flame).

Vanquished Creatures
  Terence (D:2)
  5 gnolls
  An adder (D:2)
  A worm (D:2)
  2 dart slugs (D:1)
  3 leopard geckos
  7 bats
  2 giant cockroaches (D:1)
  A goblin (D:2)
  5 hobgoblins (D:1)
  3 jackals (D:1)
  2 kobolds (D:1)
  A ball python (D:1)
  2 frilled lizards
  3 rats (D:1)
39 creatures vanquished.

Notes
Turn   | Place    | Note
-------+----------+-------------------------------------------
     0 | D:1      | RudyRod the Merfolk Ice Elementalist began the quest for the Orb.
     0 | D:1      | Reached XP level 1. HP: 13/13 MP: 3/3
   213 | D:1      | Reached XP level 2. HP: 19/19 MP: 0/5
   851 | D:1      | Reached XP level 3. HP: 22/25 MP: 4/6
  1361 | D:2      | Noticed Terence
  1368 | D:2      | Killed Terence
  1368 | D:2      | Reached skill level 4 in Ice Magic
  1368 | D:2      | Reached XP level 4. HP: 15/31 MP: 0/8
  1897 | D:2      | Reached XP level 5. HP: 13/36 MP: 2/9
  2218 | D:2      | Noticed Sigmund
  2261 | D:2      | HP: 1/36 [something/puff of flame (8)]
  2629 | D:2      | Killed from afar by Sigmund

Skill      XL: |  1  2  3  4 |
---------------+-------------+-----
Dodging        | 3 |  3.3
Ice Magic      | 4 |  4.8
Spellcasting   | 3 |  3.2
Fighting       | |  0.4
Stealth        | |  2.4
Unarmed Combat | |  0.1
Conjurations   | |  0.7

Action                   |  1- 3 |  4- 6 || total
-------------------------+-------+-------++-------
Melee: Unarmed           |     6 |     5 ||    11
 Cast: Freeze            |    48 |    34 ||    82
  Use: Potion            |       |     4 ||     4
       Scroll            |       |     3 ||     3
  Eat: Chunk             |     2 |     3 ||     5
Armor: Robe              |     9 |     7 ||    16
       Skin              |       |    17 ||    17
Dodge: Dodged            |    33 |    36 ||    69
